 Dungeon Crawl Stone Soup version 0.19-b1-4-gd8a0a2a (webtiles) character file.

38357 syranez the Severer (level 13, -22/116 HPs)
             Began as a Black Draconian Berserker on Oct 30, 2016.
             Was a High Priest of Trog.
             Annihilated by a spiny frog (26 damage)
             ... on level 6 of the Lair of Beasts.
             The game lasted 00:54:27 (19888 turns).

syranez the Severer (Black Draconian Berserker)    Turns: 19888, Time: 00:54:28

Health: -22/116    AC: 16    Str: 18    XL:     13   Next: 63%
Magic:  13/13      EV: 15    Int: 10    God:    Trog [*****.]
Gold:   921        SH:  9    Dex: 13    Spells: 0 memorised, 12 levels left

rFire  . . .     SeeInvis .     A - +4 war axe (vamp)
rCold  . . .     Gourm    .     (armour unavailable)
rNeg   . . .     Faith    .     U - +0 shield
rPois  +         Spirit   .     (helmet restricted)
rElec  +         Reflect  .     C - +2 cloak
rCorr  .         Harm     +     (no gloves)
MR     .....                    (no boots)
Stlth  +++.......               V - amulet of harm
                                s - ring of poison resistance
                                f - +5 ring of protection

@: exhausted, about to teleport, slowed, very slow
A: breathe lightning, unfitting armour, antennae 1, claws 1, hooves 1, screaming
1, electricity resistance, weak 1, cold-blooded, MP-powered wands, AC +8
a: Breathe Lightning, Berserk, Trog's Hand, Brothers in Arms, Burn Spellbooks,
Renounce Religion


You were on level 6 of the Lair of Beasts.
You worshipped Trog.
Trog was extremely pleased with you.
You were hungry.

You visited 2 branches of the dungeon, and saw 17 of its levels.
You also visited: Labyrinth.

You collected 1014 gold pieces.
You spent 93 gold pieces at shops.

Inventory:

Hand Weapons
 n - a +4 antimagic broad axe
 A - a +4 vampiric war axe (weapon)
 K - the +9 executioner's axe of the Black Skies {chop, Dex+3}
   (Trog gifted it to you on level 4 of the Lair of Beasts)

   It inflicts extra damage upon your enemies.
   It affects your dexterity (+3).
 M - a +2 war axe of chopping
Missiles
 v - 3 javelins of penetration (quivered)
 L - 3 tomahawks of returning
Armour
 C - a +2 cloak (worn)
 U - a +0 shield (worn)
Jewellery
 a - an uncursed ring of fire
 f - a +5 ring of protection (left claw)
 s - a ring of poison resistance (right claw)
 x - an uncursed ring of protection from magic
 z - an uncursed ring of positive energy
 V - an amulet of harm (around neck)
 W - a +2 ring of evasion
 Y - an uncursed ring of ice
Wands
 p - a wand of disintegration (8/24)
 t - a wand of teleportation (8/9)
 B - a wand of polymorph (12/24)
 N - a wand of iceblast (4/15)
 Q - a wand of lightning (10/15)
 S - a wand of hasting (6/9)
 X - a wand of flame (10/48)
Scrolls
 d - 5 scrolls of teleportation
 e - 11 scrolls of remove curse
 g - 3 scrolls of enchant armour
 l - 2 scrolls of recharging
 m - 2 scrolls of fear
 r - a scroll of magic mapping
 y - a scroll of summoning {unknown}
 F - 3 scrolls of fog
 P - a scroll of torment {unknown}
Potions
 h - 4 potions of ambrosia
 i - 2 potions of haste
 j - a potion of cancellation
 k - 4 potions of lignification
 o - 3 potions of might
 q - a potion of flight
 u - 4 potions of curing
 J - a potion of resistance
 O - a potion of brilliance
 R - a potion of cure mutation
Comestibles
 b - 9 bread rations
 c - 4 chunks of flesh
 w - 4 meat rations
 D - 4 slices of pizza
 E - 12 royal jellies
 H - 13 fruits
 I - 4 beef jerkies


   Skills:
 + Level 11.6 Fighting
 + Level 15.3 Axes
 + Level 9.3 Throwing
 + Level 8.7 Dodging
 + Level 4.8 Stealth
 + Level 3.2 Shields


You had 12 spell levels left.
You didn't know any spells.

Dungeon Overview and Level Annotations

Branches:
Dungeon (11/15)            Temple (0/1) D:4            Lair (6/6) D:11
  Swamp (0/4) Lair:2        Snake (0/4) Lair:3          Orc (0/2) D:9
  Slime: Lair:5-6

Altars:
Ashenzari
Cheibriados
Elyvilon
Fedhas
Hepliaklqana
Kikubaaqudgha
Trog
Uskayaw
Xom
Yredelemnul
The Shining One
Beogh

Shops:
D:10 ?

Annotations:
Lair:6 exclusion: oklob plant


Innate Abilities, Weirdness & Mutations

You can breathe wild blasts of lightning.
Your glossy black scales are hard. (AC +8)
You cannot fit into any form of body armour.
You are resistant to electric shocks. (rElec)
You are cold-blooded and may be slowed by cold attacks.
You have a pair of small antennae on your head.
You have sharp fingernails.
You have large cloven feet.
You occasionally shout uncontrollably at your foes.
You are weak. (Str -2)
You expend magic power (3 MP) to strengthen your wands.


Message History

The eight-headed hydra bites you!
* * * LOW HITPOINT WARNING * * *
You block the eight-headed hydra's attack.
The eight-headed hydra bites you but does no damage.
You feel better. You block the spiny frog's attack.
The eight-headed hydra bites you!
* * * LOW HITPOINT WARNING * * *
The eight-headed hydra bites you.
* * * LOW HITPOINT WARNING * * *
The eight-headed hydra bites you but does no damage.
The eight-headed hydra bites you!
* * * LOW HITPOINT WARNING * * *
The eight-headed hydra bites you but does no damage.
The eight-headed hydra bites you.
* * * LOW HITPOINT WARNING * * *
The eight-headed hydra bites you.
* * * LOW HITPOINT WARNING * * *
You block the eight-headed hydra's attack.
The spiny frog stings you!!
You die...

........†.≈≈P≈≈≈≈≈≈≈≈.≈
)..........≈≈.≈≈≈≈≈.≈≈≈≈≈≈
...........≈≈≈.≈≈≈..≈≈..≈≈
............≈≈≈≈≈P≈≈≈≈≈.≈≈
.....#.#..P.†≈≈≈≈≈≈≈≈≈≈.≈.
......#....P≈≈≈≈≈≈.≈≈≈≈≈.≈
..............≈≈≈≈≈≈≈≈≈≈≈≈
.............P.†FDP≈≈≈≈≈≈≈
...........###.@.≈≈..≈≈≈P
............ #####.≈.....
...)..... ###.≈.. .......
... ..... .


You could see an eight-headed hydra and a spiny frog.

Vanquished Creatures
  A minotaur (Lab)
  The ghost of zkyp the Grappler, a journeyman TrEn of Ru (D:11)
  4 hydras
  A wizard (D:11)
  3 hill giants
  A black mamba (Lair:1)
  10 elephants
  A gargoyle (D:9)
  19 spiny frogs
  A rime drake (Lair:2)
  6 komodo dragons
  2 minotaur zombies (Lab)
  A troll (D:11)
  4 tyrant leeches
  A queen bee (Lair:1)
  2 two-headed ogres
  Prince Ribbit (D:7)
  A blink frog (Lair:2)
  5 hippogriffs
  Grinder (D:6)
  A wyvern (Lair:4)
  A human (D:8)
  4 hogs (D:8)
  22 yaks
  A basilisk (Lair:3)
  A vampire mosquito (Lair:6)
  Menkaure (D:7)
  A mottled dragon (D:11)
  7 soldier ants
  A swamp worm (Lair:2)
  6 water moccasins
  4 ice beasts
  7 orc warriors
  8 porcupines
  3 sky beasts
  2 phantoms
  2 black bears
  An eye of draining (D:10)
  2 necrophages
  9 wolves
  7 ogres
  5 centaurs
  15 crocodiles
  28 bullfrogs
  A big kobold (D:8)
  A gnoll sergeant (D:11)
  A water moccasin skeleton (D:9)
  A water moccasin zombie (D:8)
  3 scorpions
  31 killer bees
  13 wights
  4 electric eels
  6 crimson imps
  6 hounds
  3 jellies
  A quasit (D:5)
  4 orc priests
  Crazy Yiuf (D:5)
  2 centaur skeletons
  7 orc wizards
  3 bullfrog skeletons
  3 iguanas
  7 worker ants
  A killer bee zombie (D:5)
  A hound skeleton (D:10)
  A worker ant zombie (D:5)
  Robin (D:2)
  10 gnolls
  A howler monkey skeleton (D:7)
  15 adders
  5 shadow imps
  An ooze (D:4)
  3 adder skeletons
  4 worms
  7 dart slugs
  The ghost of MrBudgens the Chiller, a weakling MfIE (D:4)
  7 leopard geckos
  58 orcs
  3 bat zombies (D:5)
  6 giant cockroaches
  17 goblins
  11 hobgoblins
  25 jackals
  6 quokkas
  5 bats
  3 frilled lizards
  8 kobolds
  A leopard gecko zombie (D:5)
  A quokka skeleton (D:7)
  8 rats
  6 fungi
  2 plants (D:11)
521 creatures vanquished.

Vanquished Creatures (collateral kills)
  A water moccasin (Lair:6)
  2 orc warriors (D:9)
  2 orc priests (D:9)
  6 orcs (D:9)
11 creatures vanquished.

Vanquished Creatures (others)
  A bush (Lair:6)
  14 fungi
  57 plants
72 creatures vanquished.

Grand Total: 604 creatures vanquished

Notes
Turn   | Place    | Note
-------+----------+-------------------------------------------
     0 | D:1      | syranez the Draconian Berserker began the quest for the Orb.
     0 | D:1      | Reached XP level 1. HP: 19/19 MP: 1/1
   156 | D:1      | Reached XP level 2. HP: 26/26 MP: 2/2
   721 | D:1      | Reached XP level 3. HP: 30/33 MP: 3/3
  1116 | D:2      | Reached skill level 1 in Throwing
  1251 | D:2      | Found a snail-covered altar of Cheibriados.
  1255 | D:2      | Reached ** piety under Trog
  1255 | D:2      | Reached XP level 4. HP: 40/40 MP: 4/4
  1261 | D:2      | Found a basalt altar of Yredelemnul.
  1263 | D:2      | Found a shattered altar of Ashenzari.
  1321 | D:2      | Found a bloodstained altar of Trog.
  1437 | D:2      | Noticed Robin
  1444 | D:2      | Killed Robin
  1707 | D:3      | Reached skill level 4 in Axes
  1746 | D:3      | Reached XP level 5. HP: 46/46 MP: 5/5
  2180 | D:3      | Reached *** piety under Trog
  2313 | D:3      | Found a blossoming altar of Fedhas.
  2373 | D:3      | Found a glowing golden altar of the Shining One.
  2593 | D:4      | Found a staircase to the Ecumenical Temple.
  2713 | D:4      | Reached XP level 6. HP: 49/52 MP: 6/6
  2885 | D:4      | Reached skill level 1 in Stealth
  2907 | D:4      | Noticed MrBudgens's ghost (weakling MfIE)
  2913 | D:4      | Killed MrBudgens's ghost
  2963 | D:4      | Reached skill level 5 in Axes
  3214 | D:4      | Found a white marble altar of Elyvilon.
  3490 | D:5      | Entered Level 5 of the Dungeon
  3703 | D:5      | Your scales start taking on a glossy black colour.
  3703 | D:5      | Reached XP level 7. HP: 60/60 MP: 7/7
  3703 | D:5      | Gained mutation: You are resistant to electric shocks. (rElec) [Black Draconian growth]
  3833 | D:5      | Found a runed door.
  3837 | D:5      | Noticed Crazy Yiuf
  3844 | D:5      | Killed Crazy Yiuf
  3948 | D:5      | Reached **** piety under Trog
  3973 | D:5      | Found an ancient bone altar of Kikubaaqudgha.
  4218 | D:5      | Reached skill level 5 in Fighting
  4474 | D:6      | Reached skill level 6 in Axes
  4562 | D:6      | Noticed Grinder
  4563 | D:6      | Paralysed by Grinder for 6 turns
  4590 | D:6      | Killed Grinder
  4590 | D:6      | Reached XP level 8. HP: 35/69 MP: 8/8
  4828 | D:6      | Reached skill level 7 in Axes
  5650 | D:6      | Gained mutation: Your mind is acute. (Int +2) [potion of mutation]
  5650 | D:6      | Gained mutation: You are weak. (Str -2) [potion of mutation]
  5650 | D:6      | Gained mutation: You are clumsy. (Dex -2) [potion of mutation]
  5651 | D:6      | Gained mutation: You occasionally shout uncontrollably at your foes. [potion of mutation]
  5651 | D:6      | Lost mutation: Your mind is acute. (Int +2) [potion of mutation]
  5651 | D:6      | Lost mutation: You are weak. (Str -2) [potion of mutation]
  5652 | D:6      | Gained mutation: You have large cloven feet. [potion of mutation]
  5652 | D:6      | Gained mutation: You tend to lose your temper in combat. [potion of mutation]
  5652 | D:6      | Gained mutation: Scrolls take you a little longer to read. [potion of mutation]
  5653 | D:6      | Gained mutation: You are frail. (-10% HP) [potion of mutation]
  5653 | D:6      | Gained mutation: You regenerate slowly when monsters are visible. [potion of mutation]
  5653 | D:6      | Gained mutation: You have hoof-like feet. [potion of mutation]
  5654 | D:6      | Lost mutation: You are frail. (-10% HP) [potion of cure mutation]
  5654 | D:6      | Lost mutation: You tend to lose your temper in combat. [potion of cure mutation]
  5654 | D:6      | Lost mutation: You regenerate slowly when monsters are visible. [potion of cure mutation]
  5654 | D:6      | Lost mutation: You have hoof-like feet. [potion of cure mutation]
  5655 | D:6      | Lost mutation: Scrolls take you a little longer to read. [potion of cure mutation]
  5655 | D:6      | Lost mutation: You are clumsy. (Dex -2) [potion of cure mutation]
  5655 | D:6      | Lost mutation: You occasionally shout uncontrollably at your foes. [potion of cure mutation]
  5714 | D:7      | Noticed Prince Ribbit
  5737 | D:7      | Killed Prince Ribbit
  5737 | D:7      | Reached skill level 8 in Axes
  5769 | D:7      | Reached XP level 9. HP: 75/75 MP: 9/9
  5885 | D:7      | Found a shimmering altar of Xom.
  5923 | D:7      | Reached ***** piety under Trog
  6128 | D:7      | Reached skill level 5 in Throwing
  6363 | D:7      | Noticed Menkaure
  6370 | D:7      | Killed Menkaure
  6374 | D:7      | Reached skill level 9 in Axes
  6381 | D:7      | Received a gift from Trog
  6391 | D:7      | Gained mutation: You occasionally shout uncontrollably at your foes. [mutagenic meat]
  6392 | D:7      | Gained mutation: You have a pair of small antennae on your head. [mutagenic meat]
  7060 | D:8      | Reached skill level 5 in Dodging
  7166 | D:8      | Noticed a hand axe
  7166 | D:8      | Noticed an enchanted hand axe
  7169 | D:8      | Found a hide-covered altar of Uskayaw.
  7192 | D:8      | Reached XP level 10. HP: 70/86 MP: 10/10
  7194 | D:8      | Reached skill level 10 in Axes
  7201 | D:8      | Gained mutation: You have sharp fingernails. [mutagenic meat]
  7887 | D:9      | Gained mutation: You expend magic power (3 MP) to strengthen your wands. [mutagenic meat]
  7888 | D:9      | Gained mutation: You are weak. (Str -2) [mutagenic meat]
  8295 | D:9      | Found a roughly hewn altar of Beogh.
  8295 | D:9      | Found a staircase to the Orcish Mines.
  8298 | D:9      | Reached skill level 11 in Axes
  8549 | D:9      | Noticed a gargoyle
  8564 | D:9      | Killed a gargoyle
  8885 | D:10     | Entered Level 10 of the Dungeon
  8885 | D:10     | Noticed a hill giant
  8893 | D:10     | Killed a hill giant
  9325 | D:10     | Received a gift from Trog
  9414 | D:10     | Reached XP level 11. HP: 94/94 MP: 0/11
  9799 | D:10     | Found Joduxte's Magic Scroll Boutique.
  9802 | D:10     | Bought a scroll of identify for 34 gold pieces
  9802 | D:10     | Bought a scroll of magic mapping for 59 gold pieces
 10007 | D:11     | Found a staircase to the Lair.
 10406 | D:11     | Noticed a hill giant
 10424 | D:11     | Killed a hill giant
 10424 | D:11     | Reached skill level 12 in Axes
 10495 | D:11     | Noticed zkyp's ghost (journeyman TrEn)
 10515 | D:11     | Killed zkyp's ghost
 10872 | D:11     | Noticed a hill giant
 10872 | D:11     | Noticed a wizard
 10877 | D:11     | Killed a hill giant
 10884 | D:11     | Killed a wizard
 11584 | Lair:1   | Entered Level 1 of the Lair of Beasts
 11688 | Lair:1   | Noticed a six-headed hydra
 11701 | Lair:1   | Killed a 12-headed hydra
 11701 | Lair:1   | Reached skill level 13 in Axes
 11934 | Lair:1   | Upgraded the game from 0.19-b1-3-g7dea586 to 0.19-b1-4-gd8a0a2a
 13041 | Lair:1   | Reached XP level 12. HP: 105/105 MP: 12/12
 13051 | Lair:1   | Received a gift from Trog
 13065 | Lair:1   | Reached skill level 10 in Fighting
 13558 | Lair:2   | Reached ****** piety under Trog
 13619 | Lair:2   | Found a hazy altar of Hepliaklqana.
 14084 | Lair:2   | Found a staircase to the Swamp.
 14110 | Lair:2   | HP: 7/157 [tyrant leech (9)]
 14816 | Lair:2   | Reached skill level 14 in Axes
 15004 | Lair:3   | Found a staircase to the Snake Pit.
 15021 | Lair:3   | Found a labyrinth entrance.
 15024 | Lair:3   | Noticed a five-headed hydra
 15036 | Lair:3   | Killed a 12-headed hydra
 15045 | Lab      | Entered a labyrinth
 15228 | Lab      | Noticed a minotaur
 15234 | Lab      | Killed a minotaur
 16210 | Lair:4   | Received a gift from Trog
 16363 | Lair:4   | Reached XP level 13. HP: 93/115 MP: 13/13
 16762 | Lair:4   | Reached skill level 1 in Shields
 16768 | Lair:4   | Received a gift from Trog
 16798 | Lair:4   | Got an ancient executioner's axe {god gift}
 17375 | Lair:5   | Identified the +9 executioner's axe of the Black Skies {chop, Dex+3} (Trog gifted it to you on level 4 of the Lair of Beasts)
 18088 | Lair:6   | Entered Level 6 of the Lair of Beasts
 18497 | Lair:6   | Reached skill level 15 in Axes
 19888 | Lair:6   | HP: 5/116 [eight-headed hydra (6)]
 19888 | Lair:6   | Annihilated by a spiny frog

Skill      XL: |  1  2  3  4  5  6  7  8  9 10 11 12 13 |
---------------+----------------------------------------+-----
Dodging        | 3 4 5 6 7 8 |  8.7
Throwing       | 1 2 3 4 6 7 8 9 |  9.3
Fighting       | 4 5 6 7 8 9 11 | 11.6
Axes           | 4 5 6 8 9 11 13 14 15 | 15.3
Stealth        | 1 2 3 4 |  4.8
Shields        | 3 |  3.2

Action                   |  1- 3 |  4- 6 |  7- 9 | 10-12 | 13-15 || total
-------------------------+-------+-------+-------+-------+-------++-------
Melee: Hand axe          |    61 |    48 |       |       |       ||   109
       Tailslap          |    10 |    15 |    42 |   102 |    42 ||   211
       War axe           |       |    98 |   295 |   763 |   244 ||  1400
       Kick              |       |       |    38 |   243 |    84 ||   365
Throw: Javelin           |    39 |    74 |    78 |    21 |    60 ||   272
       Tomahawk          |       |       |       |   142 |    10 ||   152
Invok: Berserk           |       |     3 |     5 |    17 |     6 ||    31
       Burn Spellbooks   |       |       |     1 |     3 |       ||     4
       Brothers in Arms  |       |       |       |     1 |     1 ||     2
 Abil: Breathe Lightning |       |       |       |     1 |       ||     1
  Use: Scroll            |       |     7 |     3 |    17 |     2 ||    29
       Potion            |       |       |    10 |     3 |     2 ||    15
 Stab: Sleeping          |       |     3 |     4 |     4 |       ||    11
       Distracted        |       |       |     2 |     1 |     1 ||     4
  Eat: Chunk             |     1 |    10 |    18 |    33 |    11 ||    73
       Pizza             |       |     1 |       |     4 |       ||     5
       Meat ration       |       |     1 |       |     1 |     1 ||     3
       Beef jerky        |       |       |       |     2 |     1 ||     3
       Fruit             |       |       |       |     2 |       ||     2
       Royal jelly       |       |       |       |     1 |       ||     1
Armor: Skin              |    16 |    44 |    78 |   229 |    88 ||   455
Dodge: Dodged            |    43 |   118 |   211 |   500 |   114 ||   986
Block: Shield            |       |       |       |    41 |    97 ||   138
